 Dungeon Crawl Stone Soup version 0.23-a0-32-g1388f29e54 (webtiles) character file.

59031 Osmon the Tortoise (level 14, -9/139 HPs)
             Began as a Minotaur Berserker on Aug 3, 2018.
             Was a High Priest of Trog.
             Mangled by a halberd of protection (13 damage)
             ... on level 2 of the Elven Halls on Aug 4, 2018.
             The game lasted 02:13:17 (13322 turns).

Osmon the Tortoise (Minotaur Berserker)            Turns: 13322, Time: 02:13:17

Health: -9/139     AC: 32    Str: 32    XL:     14   Next: 51%
Magic:  4/4        EV: 18    Int:  6    God:    Trog [*****.]
Gold:   205        SH:  4    Dex: 13    Spells: 13/13 levels left

rFire    . . .     SeeInvis .   a - +4 broad axe (antimagic)
rCold    . . .     Gourm    .   (no shield)
rNeg     . . .     Faith    .   F - +10 chain mail of the Trombone {*Drain Slay+5}
rPois    +         Spirit   .   (helmet restricted)
rElec    .         Reflect  +   B - +0 cloak "Ipiu" {rPois MR+ Str+6 Int+2}
rCorr    .         Harm     .   D - +0 pair of gloves
MR       ++++.                  (no boots)
Stlth    ..........             P - +4 amulet of reflection
HPRegen  0.33/turn              W - +5 ring of protection
MPRegen  0.09/turn              p - ring of protection from magic

@: berserk cooldown, slowed, very slow
A: retaliatory headbutt, horns 2, agile 1, magic resistance 1, robust 1
a: Berserk, Trog's Hand, Brothers in Arms, Renounce Religion


You were on level 2 of the Elven Halls.
You worshipped Trog.
Trog was extremely pleased with you.
You were near starving.

You visited 3 branches of the dungeon, and saw 15 of its levels.
You also visited: Bailey.

You collected 2007 gold pieces.
You spent 1802 gold pieces at shops.

Inventory:

Hand Weapons
 a - a +4 antimagic broad axe (weapon)
 b - a +2 fustibalus of flaming
 n - a +3 battleaxe of freezing
 Q - a +5 war axe
Missiles
 f - 288 stones (quivered)
 j - 54 poisoned needles
 u - 82 sling bullets
 E - 2 tomahawks
 I - 5 needles of paralysis
Armour
 A - a +0 buckler
 B - the +0 cloak "Ipiu" (worn) {rPois MR+ Str+6 Int+2}
   (You found it on level 7 of the Dungeon)

   It affects your strength (+6).
   It affects your intelligence (+2).
   It protects you from poison.
   It affects your resistance to hostile enchantments.
 D - a +0 pair of gloves (worn)
 F - the +10 chain mail of the Trombone (worn) {*Drain Slay+5}
   (You took it off an orc warrior on level 7 of the Dungeon)

   It affects your accuracy and damage with ranged weapons and melee attacks
   (+5).
   It causes draining when unequipped.
 H - a +0 troll leather armour
 J - a +3 plate armour of cold resistance
 L - the +3 leather armour "Ejireger" {Regen+ Str+2 Dex-5, unknown}
   (You found it on level 11 of the Dungeon)

   It affects your strength (+2).
   It affects your dexterity (-5).
   It increases your rate of regeneration.
Jewellery
 e - an uncursed ring of stealth
 p - a ring of protection from magic (right hand)
 N - an uncursed ring of positive energy
 P - a +4 amulet of reflection (around neck)
 R - a +2 amulet of reflection
 W - a +5 ring of protection (left hand)
 Z - a +2 ring of evasion
Wands
 l - a wand of acid (4)
 K - a wand of flame (14)
 T - a wand of enslavement (12)
 U - a wand of disintegration (13)
 Y - a wand of paralysis (16)
Scrolls
 h - 3 scrolls of fog
 i - a scroll of fear
 k - a scroll of teleportation
 r - 2 scrolls of remove curse
 t - a scroll of immolation
 v - 3 scrolls of enchant armour
 x - a scroll of silence
 O - 4 scrolls of identify
 S - a scroll of summoning {unknown}
 X - 2 scrolls of amnesia {unknown}
Potions
 d - a potion of flight
 g - 3 potions of invisibility
 m - a potion of magic
 o - 2 potions of berserk rage
 q - 3 potions of curing
 s - 2 potions of agility
 w - 2 potions of might
 G - a potion of mutation
 M - 2 potions of lignification
Miscellaneous
 y - a phantom mirror
 V - a fan of gales
Comestibles
 c - 11 rations


   Skills:
 + Level 12.9 Fighting
 + Level 13.2 Axes
 - Level 2.1(2.2) Slings
 - Level 0.1(1.1) Throwing
 * Level 16.6 Armour
 * Level 15.5 Dodging
 - Level 2.1 Stealth


You had 13 spell levels left.
You didn't know any spells.
Your spell library contained the following spells:

 Spells                   Type           Power        Failure   Level  Hunger
 Confuse                  Hex            #.......     99%         3    ####...
 Animate Dead             Necr           N/A          100%        4    #####..
 Vampiric Draining        Necr           #.........   99%         3    ####...
 Death Channel            Necr           #.........   100%        6    #######
 Confusing Touch          Hex            #.....       80%         1    ##.....
 Metabolic Englaciation   Hex/Ice        #.........   100%        5    ######.
 Petrify                  Tmut/Erth      #.......     100%        4    #####..
 Gell's Gravitas          Tloc           #.........   99%         3    ####...
 Yara's Violent Unravell  Hex/Tmut       #.........   100%        5    ######.


Dungeon Overview and Level Annotations

Branches:
Dungeon (11/15)            Temple (0/1) D:5             Orc (2/2) D:11
    Elf (2/3) Orc:2
   Lair: D:8-11

Altars:
Dithmenos
Makhleb
Trog
Uskayaw
Xom
Beogh

Shops:
D:5 !   D:6 *   Orc:2 =   Elf:2 }

Portals:
Labyrinth: Orc:2

Annotations:
D:5 SHOP POTION


Innate Abilities, Weirdness & Mutations

You reflexively headbutt those who attack you in melee.
You have a pair of horns on your head.
You are agile. (Dex +2)
You are resistant to hostile enchantments. (MR+)
You are robust. (+10% HP)


Message History

Okay, then.
You hit the halberd of protection.
Your headbutt misses the halberd of protection.
The halberd of protection is lightly damaged.
The halberd of protection hits you.
* * * LOW HITPOINT WARNING * * *
Your troll goes berserk!
You are near starving!
The halberd of protection closely misses you.
You furiously retaliate!
You headbutt the halberd of protection!
The halberd of protection hits you but does no damage.
You hit the halberd of protection but do no damage.
The halberd of protection is moderately damaged.
The halberd of protection hits you!!
* * * LOW HITPOINT WARNING * * *
Your troll misses the halberd of protection.
Your troll closely misses the halberd of protection.
Your troll barely misses the halberd of protection.
The halberd of protection hits you!
You die...

........)## #..........'
..........###..........#
...........##...........
..........###...........
.........## #...........
....##...## #...........
..## ##)))###...........
. ##)..##...........
##@...##...........
#(....##...........
(....T....## ##########
...(.....## .##..##.##
### ###


You could see a halberd of protection and a friendly troll (berserk).

Vanquished Creatures
  A deep elf blademaster (Elf:2)
  A stone giant (Orc:1)
  A deep elf death mage (Elf:1)
  Harold (D:7)
  A hydra (D:11)
  A two-headed ogre (Orc:1)
  21 dancing weapons
  An orc high priest (Orc:1)
  8 deep elf knights
  The ghost of strelocc the Grappler, a novice TrMo (D:7)
  29 deep elf magi
  3 necromancers (Elf:1)
  5 large abominations (Elf:1)
  12 deep elf archers
  A rime drake (shapeshifter) (Elf:1)
  4 trolls
  3 air elementals
  6 yaks (D:9)
  6 water elementals
  The ghost of Lemiesh the Covert, an amateur SpEn (D:4)
  Grum (D:8)
  A steam dragon (D:11)
  3 wargs
  Menkaure (D:6)
  A phantom (D:7)
  3 ice beasts
  2 sky beasts
  18 orc warriors
  6 ogres
  An eye of draining (D:11)
  2 necrophages (D:9)
  2 wolves (D:8)
  7 centaurs
  A big kobold (D:10)
  9 gnoll sergeants
  2 elf zombies (Elf:1)
  A wyvern zombie (D:10)
  6 bullfrogs
  An earth elemental (Elf:2)
  A scorpion (D:9)
  10 killer bees
  A water moccasin skeleton (D:3)
  8 wights (D:7)
  A howler monkey (D:10)
  2 crimson imps
  A bullfrog zombie (D:7)
  11 orc priests
  4 hounds
  3 jellies
  16 orc wizards
  6 gnoll shamans (Bailey)
  An iguana (D:7)
  2 centaur skeletons
  6 worker ants
  A hound skeleton (D:10)
  Robin (D:3)
  17 gnolls
  A howler monkey skeleton (D:7)
  12 adders
  A shadow imp (D:7)
  2 oozes
  2 adder zombies
  An adder skeleton (D:4)
  3 worms
  A dart slug (D:1)
  2 leopard geckos
  58 orcs
  2 ball pythons
  10 bats
  8 giant cockroaches
  13 hobgoblins
  8 jackals
  5 quokkas
  5 frilled lizards
  16 goblins
  10 kobolds
  A leopard gecko skeleton (D:4)
  6 rats
  2 plants (D:10)
436 creatures vanquished.

Vanquished Creatures (collateral kills)
  A deep elf death mage (Elf:1)
  A dancing weapon (Elf:1)
  2 deep elf knights (Elf:1)
  5 deep elf magi (Elf:1)
  An orc warrior (D:7)
  An orc priest (D:7)
  4 orcs (D:7)
15 creatures vanquished.

Vanquished Creatures (others)
  A deep elf knight (Elf:1)
1 creature vanquished.

Grand Total: 452 creatures vanquished

Notes
Turn   | Place    | Note
-------+----------+-------------------------------------------
     0 | D:1      | Osmon the Minotaur Berserker began the quest for the Orb.
     0 | D:1      | Reached XP level 1. HP: 19/19 MP: 0/0
    18 | D:1      | Upgraded the game from 0.23-a0-26-g9187234747 to 0.23-a0-32-g1388f29e54
   180 | D:1      | Reached XP level 2. HP: 17/27 MP: 1/1
   679 | D:2      | Reached XP level 3. HP: 26/33 MP: 2/2
   833 | D:2      | Reached ** piety under Trog
   926 | D:2      | Reached XP level 4. HP: 33/41 MP: 3/3
  1723 | D:3      | Noticed a centaur
  1730 | D:3      | Killed a centaur
  1730 | D:3      | Reached skill level 5 in Axes
  1730 | D:3      | Reached skill level 1 in Stealth
  1730 | D:3      | Reached XP level 5. HP: 32/47 MP: 4/4
  1745 | D:3      | Reached skill level 5 in Fighting
  1804 | D:3      | Reached skill level 3 in Armour
  2018 | D:3      | Noticed Robin
  2024 | D:3      | Killed Robin
  2040 | D:3      | Reached XP level 6. HP: 17/56 MP: 5/5
  2389 | D:3      | Reached *** piety under Trog
  2562 | D:4      | Found a bloodstained altar of Trog.
  2697 | D:4      | Reached skill level 1 in Slings
  2809 | D:4      | Found a runed door.
  2809 | D:4      | Noticed Lemiesh's ghost (amateur SpEn)
  2838 | D:4      | Killed Lemiesh's ghost
  3341 | D:5      | Entered Level 5 of the Dungeon
  3479 | D:5      | Found a hide-covered altar of Uskayaw.
  3613 | D:5      | Reached XP level 7. HP: 53/61 MP: 6/6
  3723 | D:5      | Found a staircase to the Ecumenical Temple.
  3820 | D:5      | Reached skill level 4 in Armour
  3822 | D:5      | Found Zephoos's Distillery.
  3833 | D:5      | Bought a potion of heal wounds for 60 gold pieces
  3833 | D:5      | Bought a potion of heal wounds for 60 gold pieces
  3833 | D:5      | Bought a potion of mutation for 96 gold pieces
  3833 | D:5      | Gained mutation: Your flesh is heat resistant. (rF+) [potion of mutation]
  3833 | D:5      | Gained mutation: Your flesh is cold resistant. (rC+) [potion of mutation]
  4250 | D:6      | Found Bucea's Assorted Antiques.
  4258 | D:6      | Bought a scroll labeled HUUD PIFFIAJYA for 21 gold pieces
  4258 | D:6      | Bought a murky dark potion for 18 gold pieces
  4435 | D:6      | Lost mutation: Your flesh is cold resistant. (rC+) [potion of mutation]
  4435 | D:6      | Lost mutation: Your flesh is heat resistant. (rF+) [potion of mutation]
  4435 | D:6      | Gained mutation: You are robust. (+10% HP) [potion of mutation]
  4435 | D:6      | Gained mutation: You are resistant to hostile enchantments. (MR+) [potion of mutation]
  4435 | D:6      | Gained mutation: You are agile. (Dex +2) [potion of mutation]
  4556 | D:6      | Reached skill level 5 in Armour
  4556 | D:6      | Reached skill level 5 in Dodging
  4556 | D:6      | Reached XP level 8. HP: 39/77 MP: 7/7
  4595 | D:6      | Found a shimmering altar of Xom.
  4596 | D:6      | Found a shimmering altar of Xom.
  4597 | D:6      | Found a shimmering altar of Xom.
  4597 | D:6      | Found a shimmering altar of Xom.
  4599 | D:6      | Found a shimmering altar of Xom.
  4791 | D:6      | Reached skill level 6 in Armour
  4907 | D:6      | Noticed Menkaure
  4914 | D:6      | Killed Menkaure
  4947 | D:6      | Reached **** piety under Trog
  5099 | D:7      | Found a flagged portal.
  5105 | D:7      | Found a burning altar of Makhleb.
  5111 | D:7      | Found a runed gate.
  5111 | D:7      | Found a runed gate.
  5113 | D:7      | Found a runed gate.
  5114 | D:7      | Noticed strelocc's ghost (novice TrMo)
  5123 | D:7      | Found a roughly hewn altar of Beogh.
  5138 | D:7      | Received a gift from Trog
  5196 | D:7      | Killed strelocc's ghost
  5196 | D:7      | Reached skill level 7 in Armour
  5196 | D:7      | Reached XP level 9. HP: 44/86 MP: 8/8
  5214 | D:7      | Got a shimmering cloak
  5220 | D:7      | Identified the +0 cloak "Ipiu" {rPois MR+ Str+6 Int+2} (You found it on level 7 of the Dungeon)
  5279 | D:7      | Got an ichor-stained chain mail
  5299 | D:7      | Identified the +10 chain mail of the Trombone {*Drain Slay+5} (You took it off an orc warrior on level 7 of the Dungeon)
  5411 | Bailey   | Entered a bailey
  5486 | Bailey   | Reached skill level 8 in Armour
  5894 | D:7      | Reached skill level 9 in Armour
  6028 | D:7      | Noticed Harold
  6037 | D:7      | Killed Harold
  6037 | D:7      | Reached XP level 10. HP: 96/96 MP: 9/9
  6390 | D:8      | Noticed Grum
  6398 | D:8      | Killed Grum
  6398 | D:8      | Reached skill level 10 in Armour
  6582 | D:8      | Found a shadowy altar of Dithmenos.
  6888 | D:9      | Reached skill level 10 in Dodging
  6893 | D:9      | Reached ***** piety under Trog
  7239 | D:9      | Received a gift from Trog
  7647 | D:10     | Entered Level 10 of the Dungeon
  7653 | D:10     | Reached skill level 11 in Armour
  7911 | D:10     | Reached XP level 11. HP: 98/106 MP: 3/10
  8603 | D:11     | Noticed an eight-headed hydra
  8609 | D:11     | Killed a nine-headed hydra
  8640 | D:11     | Got a dazzling leather armour
  8672 | D:11     | Reached skill level 10 in Axes
  8713 | D:11     | Found a staircase to the Orcish Mines.
  8828 | Orc:1    | Entered Level 1 of the Orcish Mines
  8838 | Orc:1    | Noticed an orc high priest
  8845 | Orc:1    | Killed an orc high priest
  8845 | Orc:1    | Reached skill level 12 in Armour
  8914 | Orc:1    | Noticed a stone giant
  8929 | Orc:1    | Killed a stone giant
  8929 | Orc:1    | Reached skill level 10 in Fighting
  8931 | Orc:1    | Noticed a two-headed ogre
  8937 | Orc:1    | Killed a two-headed ogre
  9393 | Orc:2    | Entered Level 2 of the Orcish Mines
  9402 | Orc:2    | Found a staircase to the Elven Halls.
  9526 | Orc:2    | Found Axkyl's Jewellery Emporium.
  9565 | Orc:2    | Bought a +5 ring of protection for 715 gold pieces
  9565 | Orc:2    | Bought a cursed -3 ring of slaying for 26 gold pieces
  9565 | Orc:2    | Bought a cursed -3 ring of evasion for 26 gold pieces
  9565 | Orc:2    | Bought a cursed amulet of inaccuracy for 26 gold pieces
  9581 | Orc:2    | Found a labyrinth entrance.
  9595 | Orc:2    | Received a gift from Trog
  9656 | Elf:1    | Entered Level 1 of the Elven Halls
  9656 | Elf:1    | Noticed a deep elf mage
  9656 | Elf:1    | Noticed a deep elf mage
  9656 | Elf:1    | Noticed a deep elf mage
  9656 | Elf:1    | Noticed a deep elf mage
  9656 | Elf:1    | Noticed a deep elf mage
  9664 | Elf:1    | Killed a deep elf mage
  9664 | Elf:1    | Reached XP level 12. HP: 117/117 MP: 3/11
  9667 | Elf:1    | Reached skill level 13 in Armour
  9757 | Elf:1    | Noticed a deep elf death mage
  9773 | Elf:1    | Killed a deep elf death mage
 10113 | Elf:1    | Reached skill level 14 in Armour
 10158 | Elf:1    | Identified a scroll of acquirement
 10361 | Elf:1    | Noticed a deep elf death mage
 10366 | Elf:1    | Reached XP level 13. HP: 112/127 MP: 4/12
 10399 | Elf:1    | Killed a deep elf death mage
 10482 | Elf:1    | Identified Kistudgh's Handbook of Unholy Magic
 11559 | Elf:1    | Reached skill level 15 in Armour
 11768 | Elf:2    | Received a gift from Trog
 11888 | Elf:2    | Reached ****** piety under Trog
 11966 | Elf:2    | Found a runed door.
 11975 | Elf:2    | Found a runed door.
 12071 | Elf:2    | Found Fiuru's Gadget Emporium.
 12111 | Elf:2    | Bought a fan of gales for 520 gold pieces
 12111 | Elf:2    | Bought a wand of paralysis (16) for 234 gold pieces
 12329 | Elf:2    | Reached XP level 14. HP: 139/139 MP: 4/13
 12444 | Elf:2    | Reached skill level 16 in Armour
 12444 | Elf:2    | Reached skill level 15 in Dodging
 12459 | Elf:2    | HP: 5/139 [antimagic dire flail (20)]
 12907 | Elf:2    | Noticed a deep elf blademaster
 12918 | Elf:2    | Killed a deep elf blademaster
 13180 | Elf:2    | Received a gift from Trog
 13322 | Elf:2    | HP: 4/139 [halberd of protection (22)]
 13322 | Elf:2    | Mangled by a halberd of protection

Vault maps used:
D:1:      onia_arrival_mini_spirals
D:2:      minmay_misc_feat_enclosed, item_on_display_a
D:3:      uniq_robin
D:4:      gammafunk_ghost_grave, trog_butcher_becter
D:5:      nicolae_overflow_crystal_walls, temple_green, serial_shops,
          nicolae_shop_waterfront, first_ration, minmay_liquid_box
D:6:      serial_shops, nicolae_shop_waterfront, dk_vineyard_2, xom_redecorated,
          uniq_grinder, uniq_menkaure
D:7:      enter_bailey_2, basic_altar, biasface_ghost_orc_armoury, uniq_harold
D:8:      basic_altar, uniq_grum
D:10:     blue_anna_alchemist
D:11:     lair_entry_dummy, erik_orc_3, nicolae_underground_beach
Orc:1:    mines4_lemuel, uniq_erolcha
Orc:2:    st_orc_elflike, lab_entry_generic, serial_shops, shop_fountains
Elf:1:    elf_arrival_002, minmay_elf_necromancy, st_stairs_5
Elf:2:    serial_shops, nicolae_shop_behind_doors
Bailey:   bailey_polearm_gnolls_kennysheep, bailey

Skill      XL: |  1  2  3  4  5  6  7  8  9 10 11 12 13 14 |
---------------+-------------------------------------------+-----
Axes           | 4 5 6 7 8 9 10 11 12 13 | 13.2
Fighting       | 4 5 6 7 8 9 10 11 12 | 12.9
Dodging        | 3 5 7 9 10 12 13 14 15 | 15.5
Stealth        | 1 2 |  2.1
Armour         | 3 5 7 9 11 12 14 15 16 | 16.6
Slings         | 2 |  2.1
Throwing       | |  0.1

Action                   |  1- 3 |  4- 6 |  7- 9 | 10-12 | 13-15 || total
-------------------------+-------+-------+-------+-------+-------++-------
Melee: Hand axe          |    64 |   112 |   203 |       |       ||   379
       Headbutt          |    10 |    15 |    40 |    81 |    74 ||   220
       War axe           |       |       |     3 |    58 |       ||    61
       Broad axe         |       |       |       |   239 |   259 ||   498
 Fire: Hunting sling     |       |    33 |    36 |       |       ||    69
       Fustibalus        |       |       |       |     4 |     5 ||     9
Throw: Stone             |       |     8 |     5 |     5 |    20 ||    38
       Javelin           |       |       |    24 |   106 |     6 ||   136
       Tomahawk          |       |       |       |    32 |    40 ||    72
Invok: Berserk           |       |     2 |    12 |     5 |     6 ||    25
       Brothers in Arms  |       |       |     1 |     3 |     1 ||     5
       Trog's Hand       |       |       |       |       |     4 ||     4
  Use: Scroll            |       |       |    11 |    11 |     3 ||    25
       Potion            |       |       |     5 |     4 |       ||     9
 Stab: Sleeping          |     3 |     6 |       |       |       ||     9
  Eat: Chunk             |       |     6 |    10 |     8 |     4 ||    28
       Ration            |       |     2 |     2 |     4 |     3 ||    11
Armor: Animal skin       |    15 |     1 |       |       |       ||    16
       Leather armour    |       |     2 |       |       |       ||     2
       Chain mail        |       |    18 |    70 |   156 |   173 ||   417
       Plate armour      |       |       |    68 |       |       ||    68
Dodge: Dodged            |    48 |    74 |   122 |   183 |   149 ||   576
Block: Buckler           |       |       |    38 |    90 |    32 ||   160
       Reflection        |       |       |       |     6 |     9 ||    15
       Other             |       |       |       |       |    20 ||    20

Table legend:
 A = Spawn XP
 B = Non-spawn XP
 C = Spawn XP percentage of total XP
 D = Spawn monster count
 E = Non-spawn monster count
 F = Spawn count percentage of total count
 G = Total turns spent on level
                    A         B        C        D         E        F      G
               +---------+---------+-------+---------+---------+-------+---------
         Total |       0 |   84330 |   0.0 |       0 |     450 |   0.0 | 13322
               +---------+---------+-------+---------+---------+-------+---------
           D:1 |       0 |      34 |   0.0 |       0 |      20 |   0.0 |   637
           D:2 |       0 |      97 |   0.0 |       0 |      23 |   0.0 |   978
           D:3 |       0 |     270 |   0.0 |       0 |      40 |   0.0 |   909
           D:4 |       0 |     286 |   0.0 |       0 |      16 |   0.0 |   817
           D:5 |       0 |     271 |   0.0 |       0 |       4 |   0.0 |   676
           D:6 |       0 |    1181 |   0.0 |       0 |      18 |   0.0 |  1048
           D:7 |       0 |    3470 |   0.0 |       0 |      44 |   0.0 |   637
           D:8 |       0 |     747 |   0.0 |       0 |      11 |   0.0 |   643
           D:9 |       0 |    2791 |   0.0 |       0 |      42 |   0.0 |   850
          D:10 |       0 |    1507 |   0.0 |       0 |      23 |   0.0 |   842
          D:11 |       0 |    3523 |   0.0 |       0 |      35 |   0.0 |   339
         Orc:1 |       0 |    5063 |   0.0 |       0 |      30 |   0.0 |   565
         Orc:2 |       0 |    1165 |   0.0 |       0 |      15 |   0.0 |   263
         Elf:1 |       0 |   26712 |   0.0 |       0 |      50 |   0.0 |  1828
         Elf:2 |       0 |   35995 |   0.0 |       0 |      49 |   0.0 |  1838
        Bailey |       0 |    1218 |   0.0 |       0 |      30 |   0.0 |   452
               +---------+---------+-------+---------+---------+-------+---------
